Cogmind - Beta 15 @@@ ROGUE MODE // 2025.07.27 @ 01:56:44 Player: bugsniper Result: Self-destructed Performance ------------- Evolutions (6) 3000 Regions Visited (12) 2400 Robots Destroyed (82) 410 Value Destroyed (2773) 2773 Prototype IDs (33) 660 Alien Tech Used (2) 400 Bonus (767) 767 TOTAL SCORE: 10410 Bonus ------- High Alert Combat Kills 104 Follower Combat Kills 241 Met Zhirov 300 Met Warlord at Base 500 MAIN.C Attacked Warlord 500 Friendly Fire -878 Cogmind --------- Core Integrity 501/1150 Matter 295/300 Energy 95/100 System Corruption 0% Temperature Danger (424) Movement Core (50) Location -4/Warlord Parts ------- > --- POWER (2) -------- (None) > --- PROPULSION (7) --- (None) > --- UTILITY (8) ------ Ghost Barrier > --- WEAPON (2) ------- (None) > --- INVENTORY (5) ---- Improved Diametric Drive Advanced Signal Interpreter Insulated Plating Vortex Driver (30) Vortex Driver (29) Peak State ------------ > --- POWER ------------ Vortex Chain Reactor > --- PROPULSION ------- Cooled Nuclear Pulse Thruster Cooled Nuclear Pulse Thruster Cooled Nuclear Pulse Thruster Impulse Thruster Field Propulsion Array Improved Diametric Drive > --- UTILITY ---------- Medium Storage Unit Advanced Signal Interpreter Improved Melee Analysis Suite Improved Melee Analysis Suite Improved Cloaking Device Advanced Remote Shield Ghost Barrier Mapping Drone Bay > --- WEAPON ----------- Power Sword Power Sword > --- INVENTORY -------- Field Propulsion Drive Improved Diametric Drive Advanced Signal Interpreter Armor Integrity Analyzer Phase Shifter Hardened Light Armor Plating Insulated Plating Vortex Driver Vortex Driver Katana [Rating: 131] Favorites ----------- Power Ion Engine Engine Ion Engine Power Core Micro Fission Core Reactor Fusion Reactor Propulsion Compact Wheel Treads Light Treads Leg Aluminum Leg Wheel Compact Wheel Hover Unit Linear Gravjet Flight Unit Cooled Nuclear Pulse Thruster Utility High-capacity Storage Unit Device Improved Reaction Control System Storage High-capacity Storage Unit Processor Advanced Signal Interpreter Hackware Advanced System Shield Protection Improved Medium Armor Plating Weapon Improved Light Cannon Energy Gun Small Laser Energy Cannon Advanced Plasma Cannon Ballistic Gun Light Assault Rifle Ballistic Cannon Improved Light Cannon Launcher Grenade Launcher Impact Weapon Hammer Slashing Weapon Power Sword Piercing Weapon Lance Build | -11 -10 -10 -7 -5 -5 -5 -5 -4 -4 -4 -4 -4 ------- Run | Yrd Mat Sub Rec Fac Upp Upp Zhi Pro Fac Upp Upp War Slots Evolved 12 | . . . . 10 . . . . 2 . . . Power 1 | . . . . 1 . . . . . . . . Propulsion 5 | . . . . 4 . . . . 1 . . . Utility 6 | . . . . 5 . . . . 1 . . . Weapon . | . . . . . . . . . . . . . Parts Attached 109 | . 8 1 5 45 6 9 5 12 9 . . 9 Power 15 | . 2 . 1 5 2 . 1 1 1 . . 2 Engine 5 | . 2 . 1 2 . . . . . . . . Core 8 | . . . . 3 2 . . 1 1 . . 1 Reactor 2 | . . . . . . . 1 . . . . 1 Propulsion 38 | . 2 . 2 21 1 2 3 4 2 . . 1 Treads 6 | . 2 . 2 2 . . . . . . . . Leg 8 | . . . . 2 1 1 3 1 . . . . Wheel 10 | . . . . 10 . . . . . . . . Hover 6 | . . . . 6 . . . . . . . . Flight 8 | . . . . 1 . 1 . 3 2 . . 1 Utility 35 | . 2 . 1 11 1 5 1 3 6 . . 5 Device 18 | . 1 . 1 6 1 4 . 1 2 . . 2 Storage 2 | . 1 . . . . . . 1 . . . . Processor 6 | . . . . 2 . . . 1 1 . . 2 Hackware 3 | . . . . 1 . . . . 1 . . 1 Protection 6 | . . . . 2 . 1 1 . 2 . . . Artifact . | . . . . . . . . . . . . . Weapon 21 | . 2 1 1 8 2 2 . 4 . . . 1 Energy Gun 5 | . . . . 1 1 1 . 2 . . . . Energy Cannon 3 | . . . . 2 . . . . . . . 1 Ballistic Gun 3 | . . . . 1 1 . . 1 . . . . Ballistic Cannon 4 | . 2 . 1 1 . . . . . . . . Launcher 1 | . . . . 1 . . . . . . . . Special Weapon . | . . . . . . . . . . . . . Impact Weapon 1 | . . 1 . . . . . . . . . . Slashing Weapon 3 | . . . . 2 . 1 . . . . . . Piercing Weapon 1 | . . . . . . . . 1 . . . . Special Melee Weapon . | . . . . . . . . . . . . . Unidentified Prototypes 14 | . . . . 2 . . 4 1 . . . 7 Parts Lost 37 | . . . 2 8 1 5 . 12 . . . 9 Power 8 | . . . 1 2 . . . 3 . . . 2 Propulsion 13 | . . . . 5 1 1 . 3 . . . 3 Utility 10 | . . . 1 . . 3 . 3 . . . 3 Weapon 6 | . . . . 1 . 1 . 3 . . . 1 Highest Loss Streak 9 | . . . 2 3 1 3 . 9 . . . 9 To Critical Strikes 1 | . . . . 1 . . . . . . . . Average Backups 13 | 6 10 14 13 18 18 18 19 15 6 8 9 9 Power . | 1 1 2 1 . 1 1 1 . . 1 1 . Propulsion 3 | 4 2 3 2 3 5 4 4 3 . . . 1 Utility 2 | . . 1 . 2 4 4 5 6 4 5 5 5 Weapon 6 | 1 5 8 9 12 8 8 8 5 1 1 1 2 Tool/Special . | . . . . . . . . . . . . . Unused Backups 36 | 6 5 . 2 5 1 2 1 . . . 4 10 Power 5 | 1 1 . . . . . . . . . 2 1 Propulsion 7 | 2 2 . . . . . . . . . 1 2 Utility 6 | 1 . . . . . . . . . . . 5 Weapon 18 | 2 2 . 2 5 1 2 1 . . . 1 2 Tool/Special . | . . . . . . . . . . . . . Average Slot Usage (%) 92 | . 99 100 94 84 95 98 88 84 82 94 94 91 Engine 5 | . 14 14 9 5 . . . 2 5 5 5 . Core 4 | . . . . 4 10 11 8 4 4 5 5 9 Treads 9 | . 24 28 28 7 . . . . . . . . Leg 3 | . 3 . . 1 . 6 19 19 . . . . Wheel 7 | . . . . 5 29 24 11 3 . . . . Hover 3 | . . . . 14 . . . . . . . . Flight 5 | . . . . . . 2 2 5 25 31 31 30 Device 14 | . 13 14 14 11 17 15 14 6 16 21 21 17 Storage 7 | . 14 14 14 5 5 5 5 5 5 5 5 5 Processor 7 | . . . . 5 11 11 11 11 10 15 15 15 Protection 2 | . . . . 4 5 5 8 7 . . . . Energy Gun 2 | . 1 . . 2 5 4 . 4 . . . . Ballistic Gun 1 | . 1 . . . 3 4 . 2 . . . . Ballistic Cannon 8 | . 24 23 26 4 . . . . . . . . Slashing Weapon 1 | . . . . . . . . 2 10 10 10 9 Peak Build Rating 131 | 6 10 10 11 99 62 75 95 97 106 106 106 131 Average Rating 44 | 6 9 9 10 63 57 65 74 80 90 105 105 109 On Entrance 54 | 6 6 10 9 11 60 62 75 95 56 106 105 106 Naked Turns . | . . . . . . . . . . . . . Heaviest Build 93 | 12 54 54 54 93 77 81 84 88 40 40 40 45 Greatest Support 130 | 20 40 40 40 96 96 80 130 130 47 47 47 56 Greatest Overweight (x) 8 | . 1 1 1 8 . 1 2 1 . . . 1 Average Overweight (x) . | . . 1 1 1 . . . . . . . . Largest Inventory Capacity 20 | 8 20 20 20 20 20 20 20 20 10 10 10 10 Average Capacity 15 | 8 13 20 20 20 20 20 20 17 10 10 10 10 Most Carried 20 | 6 14 14 15 20 20 20 20 20 10 10 10 10 Average Carried 13 | 6 10 14 13 19 19 19 19 14 7 9 9 9 Final Capacity 20 | 8 20 20 20 20 20 20 20 10 10 10 10 5 Final Carried 20 | 6 14 14 12 20 19 20 20 6 9 9 10 5 Class Distribution -------------------- 37% | Mutant 32% | Scavenger-Mutant 15% | Commander-Mutant 10% | Sprinter Dominant Class ---------------- Mutant | -10/Materials Mutant | -10/Subcaves Commander-Mutant | -7/Recycling Scavenger-Mutant | -5/Factory Scavenger-Mutant | -5/Upper Caves Scavenger-Mutant | -5/Upper Caves Derelict-Mutant | -5/Zhirov Scavenger-Mutant | -4/Proximity Caves Sprinter | -4/Factory Sprinter | -4/Upper Caves Sprinter | -4/Upper Caves Sprinter | -4/Warlord Resources | -11 -10 -10 -7 -5 -5 -5 -5 -4 -4 -4 -4 -4 ----------- Run | Yrd Mat Sub Rec Fac Upp Upp Zhi Pro Fac Upp Upp War Matter Collected 3080 | 201 192 . 342 1244 138 312 . 338 135 63 . 115 Remotely . | . . . . . . . . . . . . . Salvage Created 4372 | . 251 . 1036 1731 322 228 . 483 17 . 196 108 Parts 146 | . 13 . 32 57 6 13 . 18 1 . 4 2 Haulers Intercepted 2 | . 1 . . 1 . . . . . . . . Recyclers Shooed 11 | . 1 . 5 5 . . . . . . . . Parts Field Recycled . | . . . . . . . . . . . . . Retrieved Matter . | . . . . . . . . . . . . . Parts Self-Destructed 36 | . . . . . 4 13 . 18 . . 1 . Prevented 2 | . . . . . . . . 2 . . . . Kills | -11 -10 -10 -7 -5 -5 -5 -5 -4 -4 -4 -4 -4 ------- Run | Yrd Mat Sub Rec Fac Upp Upp Zhi Pro Fac Upp Upp War Combat Hostiles Destroyed 50 | . 4 . 6 22 3 5 . 10 . . . . Melee 1 | . . . . . . . . 1 . . . . Guns 17 | . . . . 6 1 3 . 7 . . . . Cannons 22 | . 3 . 5 11 2 . . 1 . . . . AOE 5 | . . . . 3 . 2 . . . . . . Classes Destroyed 12 | . 5 . 3 3 . . . . . . . 1 Worker 4 | . . . . 3 . . . . 1 . . . Hauler 2 | . 1 . . 1 . . . . . . . . Recycler 22 | . 3 . 13 6 . . . . . . . . Mechanic 2 | . . . . 2 . . . . . . . . Watcher 1 | . 1 . . . . . . . . . . . Swarmer 16 | . 3 . 2 6 . . . 5 . . . . Grunt 12 | . 1 . . 4 2 . . 5 . . . . Brawler 4 | . . . 2 2 . . . . . . . . Sentry 6 | . . . 1 3 1 1 . . . . . . Hunter 5 | . . . . 3 . 2 . . . . . . Programmer 7 | . . . 1 4 . 2 . . . . . . Decomposer 2 | . . . . . 2 . . . . . . . Packrat 1 | . . . . . 1 . . . . . . . Knight 1 | . . . . . . . . . . . . 1 Best Kill Streak 7 | . 3 . 7 4 3 2 . 5 1 . . . Combat Bots Only 5 | . 3 . 5 3 3 2 . 5 . . . . Max Kills in Single Turn 2 | . 1 . 1 2 1 1 . 2 1 . . 1 Gunslinging 1 | . . . . . . . . 1 . . . . Exploded 2 | . . . . 2 . 1 . . . . . . Melee 1 | . . . . . . . . 1 . . . . Uniques/NPCs Destroyed . | . . . . . . . . . . . . . Combat | -11 -10 -10 -7 -5 -5 -5 -5 -4 -4 -4 -4 -4 -------- Run | Yrd Mat Sub Rec Fac Upp Upp Zhi Pro Fac Upp Upp War Hostile Shots Fired 480 | 3 15 3 29 160 8 47 . 158 . . . 57 Missed 144 | . 4 2 6 54 1 17 . 42 . . . 18 Hits 336 | 3 11 1 23 106 7 30 . 116 . . . 39 Melee 16 | . . . 8 5 . . . . . . . 3 Projectile 320 | 3 11 1 15 101 7 30 . 116 . . . 36 AOE 4 | 3 . . . . . . . . . . . 1 Critical Strikes 27 | . . . 3 9 1 . . 7 . . . 7 Part Disruptions 1 | . . . . 1 . . . . . . . . Damage Taken 6797 | 105 80 9 433 1799 166 609 . 2093 . . . 1503 Core 1383 | 38 . . 33 141 24 119 . 379 . . . 649 Absorbed by Shields 358 | . . . . 358 . . . . . . . . Redirected to Shielding 155 | . . . . . . . . 155 . . . . Ignored by Resistances 15 | . . . . 15 . . . . . . . . Regen/Repaired (Parts) 5 | . . . . . . . . . . . . 5 Core Remaining (%) 61 | 84 . . 71 . . . . 28 . . . . Volleys Fired 248 | 1 18 1 32 130 11 29 . 25 . . . 1 Largest 2 | 2 2 2 2 2 2 2 . 2 . . . 1 Hottest 179 | 60 66 66 66 179 179 102 . 162 . . . 100 Shots Fired 448 | 2 36 2 64 230 21 49 . 43 . . . 1 Gun 168 | 2 . . . 66 16 44 . 40 . . . . Cannon 268 | . 36 2 64 157 5 . . 3 . . . 1 Launcher 12 | . . . . 7 . 5 . . . . . . Special . | . . . . . . . . . . . . . Kinetic 249 | 1 36 2 64 108 5 24 . 9 . . . . Thermal 179 | 1 . . . 111 16 20 . 31 . . . . Explosive 12 | . . . . 7 . 5 . . . . . . Electromagnetic 7 | . . . . 4 . . . 3 . . . . Entropic 1 | . . . . . . . . . . . . 1 Robot Hit Streak 22 | 2 8 . 8 14 22 11 . 10 . . . . Robot Miss Streak 6 | . 5 . 2 6 1 4 . 3 . . . . Penetration Max . | . . . . . . . . . . . . . Secondary Targets 1 | . . . . . . . . 1 . . . . Max Gunslinging Chain 1 | . . . . . . . . 1 . . . . Shots Hit Robots 315 | 2 21 . 47 148 16 29 . 37 1 . 5 9 Core Hits 147 | 1 8 . 20 75 10 12 . 17 . . 2 2 Critical Kills 1 | . . . . . . 1 . . . . . . Critical Parts Destroyed 1 | . . . . . . 1 . . . . . . Critical Strikes 15 | . 2 . 1 7 . 2 . 3 . . . . Burn 4 | . . . . 4 . . . . . . . . Destroy 2 | . . . . . . 2 . . . . . . Blast 6 | . 2 . 1 3 . . . . . . . . Sever 3 | . . . . . . . . 3 . . . . Melee Attacks 69 | . . 13 . 1 . 7 . 9 16 7 5 11 Impact 13 | . . 13 . . . . . . . . . . Slashing 56 | . . . . 1 . 7 . 9 16 7 5 11 Piercing . | . . . . . . . . . . . . . Sneak Attacks 10 | . . . . . . . . . 1 . . 9 Combat Hostiles . | . . . . . . . . . . . . . Follow-up Attacks 2 | . . . . . . . . 1 . . . 1 Damage Inflicted 9849 | 16 494 . 1102 4585 403 943 . 1076 98 . 354 778 Guns 2752 | 16 . . . 1125 267 615 . 729 . . . . Cannons 4948 | . 490 . 1102 3183 136 . . 37 . . . . Explosions 583 | . . . . 255 . 328 . . . . . . Melee 1540 | . . . . . . . . 310 98 . 354 778 Ramming 26 | . 4 . . 22 . . . . . . . . Kinetic 4145 | 6 490 . 1102 1861 66 444 . 176 . . . . Thermal 3474 | 10 . . . 2403 337 171 . 553 . . . . Explosive 583 | . . . . 255 . 328 . . . . . . Electromagnetic 81 | . . . . 44 . . . 37 . . . . Impact . | . . . . . . . . . . . . . Slashing 1540 | . . . . . . . . 310 98 . 354 778 Piercing . | . . . . . . . . . . . . . Highest Corruption 16 | . . . 1 10 10 16 16 16 . . . . Average Corruption 9 | . . . 1 9 10 13 16 16 . . . . Corruption Purged . | . . . . . . . . . . . . . Corruption Blocked . | . . . . . . . . . . . . . Effects 156 | . . . 4 53 29 42 13 15 . . . . Message Errors 38 | . . . 2 14 7 10 2 3 . . . . Matter Fused 43 | . . . 1 16 7 9 5 5 . . . . Heat Flow Errors 13 | . . . 1 1 5 3 . 3 . . . . Energy Discharges 11 | . . . . 3 1 3 3 1 . . . . Parts Rejected 2 | . . . . 2 . . . . . . . . Data Loss (minor) 21 | . . . . 5 5 7 3 1 . . . . Data Loss (major) 10 | . . . . 2 2 6 . . . . . . Misfires 4 | . . . . 2 . 2 . . . . . . Alerts 6 | . . . . 3 1 2 . . . . . . Weapon Failures 8 | . . . . 5 1 . . 2 . . . . Overload Shots . | . . . . . . . . . . . . . Overflow Damage 253 | . 1 . 47 86 . . . . 58 . 61 . Projectiles 132 | . 1 . 47 84 . . . . . . . . Explosions 2 | . . . . 2 . . . . . . . . Melee 119 | . . . . . . . . . 58 . 61 . Knockbacks 29 | . 3 . 7 19 . . . . . . . . Impact . | . . . . . . . . . . . . . Kinetic 27 | . 3 . 6 18 . . . . . . . . Secondary 2 | . . . 1 1 . . . . . . . . Self-Inflicted Damage 43 | . . . . 43 . . . . . . . . Shots 2 | . . . . 2 . . . . . . . . Rammed 2 | . . 1 . 1 . . . . . . . . Targets Rammed 3 | . 1 1 . 1 . . . . . . . . Kicked 1 | . 1 . . . . . . . . . . . Crushed . | . . . . . . . . . . . . . Highest Temperature 429 | 20 42 . 95 270 258 215 . 323 24 236 210 429 Average Temperature 86 | 15 14 . 24 95 110 75 . 142 13 76 88 77 Received Heat Transfer 894 | . 6 . 18 138 54 27 . 502 . . . 149 Effects 3 | . . . . 1 . . . . . . . 2 Energy Bleed 1 | . . . . . . . . . . . . 1 Interference 2 | . . . . 1 . . . . . . . 1 Siege Activations . | . . . . . . . . . . . . . Martial Activations . | . . . . . . . . . . . . . Shielding Activations . | . . . . . . . . . . . . . Robots Disrupted . | . . . . . . . . . . . . . Combat Hostiles . | . . . . . . . . . . . . . Robots Corrupted 2 | . 1 . 1 . . . . . . . . . Combat Hostiles 1 | . 1 . . . . . . . . . . . Parts Fried 3 | . 3 . . . . . . . . . . . Impact Corruptions 3 | . 1 . 2 . . . . . . . . . Robots Melted 3 | . . . . 2 . . . 1 . . . . Combat Hostiles 3 | . . . . 2 . . . 1 . . . . Parts Melted 13 | . . . . 8 1 . . 4 . . . . Heat Transferred 5644 | 25 . . . 3865 533 296 . 925 . . . . Parts Sabotaged 8 | . . . . . . . . . . . . 8 Parts Stolen . | . . . . . . . . . . . . . Parts Stripped . | . . . . . . . . . . . . . Power Chain Reactions . | . . . . . . . . . . . . . Alert | -11 -10 -10 -7 -5 -5 -5 -5 -4 -4 -4 -4 -4 ------- Run | Yrd Mat Sub Rec Fac Upp Upp Zhi Pro Fac Upp Upp War Maximum Alert Level 3 | . . . . 3 . . . . 1 . . . Low Security (%) 76 | 100 100 . 100 39 . . . . . . . . Level 1 14 | . . . . 32 . . . . 100 . . . Level 2 8 | . . . . 25 . . . . . . . . Level 3 1 | . . . . 3 . . . . . . . . Level 4 . | . . . . . . . . . . . . . Level 5 . | . . . . . . . . . . . . . High Security . | . . . . . . . . . . . . . Max Security . | . . . . . . . . . . . . . Peak Influence 805 | . 63 . 75 805 . . . . 322 . . . Initial 312 | . . . . . . . . . 312 . . . Average 99 | . 5 . 14 259 . . . . 281 . . . Influence Increases 2526 | . 122 . 215 1369 75 110 . 280 335 . 5 15 Destroy 0b10 Robot/C 1140 | . 80 . 120 580 60 100 . 200 . . . . Destroy 0b10 Robot/NC 165 | . 25 . 65 65 . . . . 5 . 5 . Destroy Leader 156 | . 14 . . 112 . 10 . 20 . . . . Allied During Kill 85 | . . . 10 75 . . . . . . . . Successful Hack 67 | . . . 3 54 . . . . 10 . . . Disable Machine 120 | . . . 15 105 . . . . . . . . Anti-Garrison Action 200 | . . . . 200 . . . . . . . . Destroy Structure 203 | . 3 . 2 178 . . . . 20 . . . Advance Influence 300 | . . . . . . . . . 300 . . . Lose Combat Pursuer 90 | . . . . . 15 . . 60 . . . 15 Influence Decreases 2511 | . 122 . 215 566 642 346 . 260 108 247 5 . Entered New Map 445 | . . . . . 298 46 . . 8 93 . . Time Decay 1656 | . 122 . 195 336 334 270 . 140 100 154 5 . Lost Part 260 | . . . 20 80 10 30 . 120 . . . . Lost Ally 150 | . . . . 150 . . . . . . . . Squads Dispatched 12 | . . . . 11 . . . . 1 . . . Investigation 2 | . . . . 2 . . . . . . . . Extermination 3 | . . . . 2 . . . . 1 . . . Reinforcement 3 | . . . . 3 . . . . . . . . Assault . | . . . . . . . . . . . . . Garrison 4 | . . . . 4 . . . . . . . . Intercept . | . . . . . . . . . . . . . Searches Triggered . | . . . . . . . . . . . . . Construction Impeded 2 | . . . . 2 . . . . . . . . Haulers Reinforced . | . . . . . . . . . . . . . Active Scanning Responses . | . . . . . . . . . . . . . Cargo Convoy Interrupts . | . . . . . . . . . . . . . Stealth | -11 -10 -10 -7 -5 -5 -5 -5 -4 -4 -4 -4 -4 --------- Run | Yrd Mat Sub Rec Fac Upp Upp Zhi Pro Fac Upp Upp War Distress Signals 5 | 1 1 . . 2 . . . 1 . . . . Communications Jammed . | . . . . . . . . . . . . . Distress Signals . | . . . . . . . . . . . . . Times Spotted 130 | 2 11 6 5 35 3 5 . 17 . 1 . 45 Peak Tracking Total 49 | 2 4 6 5 4 3 3 . 6 . 1 . 49 Tactical Retreats 4 | . . . . . 1 . . 2 . . . 1 Traps | -11 -10 -10 -7 -5 -5 -5 -5 -4 -4 -4 -4 -4 ------- Run | Yrd Mat Sub Rec Fac Upp Upp Zhi Pro Fac Upp Upp War Traps Triggered 2 | . . . . 1 . . . . . . . 1 Indirectly . | . . . . . . . . . . . . . Trap Hack Attempts . | . . . . . . . . . . . . . Triggered . | . . . . . . . . . . . . . Disarmed . | . . . . . . . . . . . . . Reprogrammed . | . . . . . . . . . . . . . Reused . | . . . . . . . . . . . . . Traps Extracted . | . . . . . . . . . . . . . Installed . | . . . . . . . . . . . . . Triggered . | . . . . . . . . . . . . . Machines | -11 -10 -10 -7 -5 -5 -5 -5 -4 -4 -4 -4 -4 ---------- Run | Yrd Mat Sub Rec Fac Upp Upp Zhi Pro Fac Upp Upp War Machines Disabled 8 | . . . 1 7 . . . . . . . . Max in Single Turn 2 | . . . 1 2 . . . . . . . . Garrison Access 1 | . . . . 1 . . . . . . . . Machines Repaired . | . . . . . . . . . . . . . Machines Dismantled . | . . . . . . . . . . . . . Machines Sabotaged . | . . . . . . . . . . . . . Overloaded Fab Kills . | . . . . . . . . . . . . . Hacking | -11 -10 -10 -7 -5 -5 -5 -5 -4 -4 -4 -4 -4 --------- Run | Yrd Mat Sub Rec Fac Upp Upp Zhi Pro Fac Upp Upp War Machines Accessed 22 | . 1 . 3 6 . . 3 . 4 . . 5 Terminals 10 | . 1 . 2 5 . . . . 2 . . . Fabricators . | . . . . . . . . . . . . . Repair Stations 1 | . . . . . . . . . 1 . . . Recycling Units 2 | . . . 1 . . . . . 1 . . . Scanalyzers . | . . . . . . . . . . . . . Garrison Access 1 | . . . . 1 . . . . . . . . Total Hacks 62 | . 5 . 7 16 . . 12 . 7 . . 15 Successful 46 | . 3 . 7 6 . . 12 . 3 . . 15 Failed 16 | . 2 . . 10 . . . . 4 . . . Catastrophic 3 | . . . . 2 . . . . 1 . . . Database Lockouts . | . . . . . . . . . . . . . Manual 11 | . 2 . 1 6 . . . . 2 . . . Terminals 26 | . 5 . 6 12 . . . . 3 . . . Fabricators . | . . . . . . . . . . . . . Repair Stations 2 | . . . . . . . . . 2 . . . Recycling Units 3 | . . . 1 . . . . . 2 . . . Scanalyzers . | . . . . . . . . . . . . . Garrison Access 4 | . . . . 4 . . . . . . . . Terminal Hacks 39 | . 2 . 5 4 . . 12 . 1 . . 15 Record 14 | . . . . . . . 4 . . . . 10 Part Schematic 4 | . . . . . . . 4 . . . . . Prototype ID Bank 10 | . 1 . 1 . . . 4 . . . . 4 Open Door 1 | . . . . . . . . . . . . 1 Level Access Points 1 | . . . . 1 . . . . . . . . Branch Access Points 2 | . . . 1 . . . . . 1 . . . Emergency Access Points 2 | . 1 . . 1 . . . . . . . . Terminal Index 1 | . . . . 1 . . . . . . . . Locate Traps 1 | . . . . 1 . . . . . . . . Maintenance Status 1 | . . . 1 . . . . . . . . . Transport Status 1 | . . . 1 . . . . . . . . . Hauler Manifests 1 | . . . 1 . . . . . . . . . Fabricator Hacks . | . . . . . . . . . . . . . Repair Station Hacks . | . . . . . . . . . . . . . Recycling Unit Hacks 2 | . . . 1 . . . . . 1 . . . Report Inventory 1 | . . . 1 . . . . . . . . . Retrieve Components 1 | . . . . . . . . . 1 . . . Scanalyzer . | . . . . . . . . . . . . . Garrison Access Hacks . | . . . . . . . . . . . . . Unauthorized Hacks 5 | . 1 . 1 2 . . . . 1 . . . Terminals 3 | . 1 . 1 1 . . . . . . . . Assimilate 1 | . 1 . . . . . . . . . . . Botnet 2 | . . . 1 1 . . . . . . . . Fabricators . | . . . . . . . . . . . . . Repair Stations 1 | . . . . . . . . . 1 . . . Mechanics 1 | . . . . . . . . . 1 . . . Recycling Units . | . . . . . . . . . . . . . Scanalyzers . | . . . . . . . . . . . . . Garrison Access 1 | . . . . 1 . . . . . . . . Jam 1 | . . . . 1 . . . . . . . . Data Cores Recovered . | . . . . . . . . . . . . . Used . | . . . . . . . . . . . . . Hacking Detections 11 | . 1 . 2 6 . . . . 2 . . . Full Trace Events 1 | . . . . 1 . . . . . . . . Feedback Events . | . . . . . . . . . . . . . Feedback Blocked . | . . . . . . . . . . . . . Robot Schematics Acquired . | . . . . . . . . . . . . . Robots Built . | . . . . . . . . . . . . . Authchips . | . . . . . . . . . . . . . Time . | . . . . . . . . . . . . . Total Robot Build Rating . | . . . . . . . . . . . . . Part Schematics Acquired 4 | . . . . . . . 4 . . . . . Parts Built . | . . . . . . . . . . . . . Authchips . | . . . . . . . . . . . . . Time . | . . . . . . . . . . . . . Total Part Build Rating . | . . . . . . . . . . . . . Parts Repaired . | . . . . . . . . . . . . . Time . | . . . . . . . . . . . . . Parts Recycled . | . . . . . . . . . . . . . Recycled Matter . | . . . . . . . . . . . . . Retrieved Matter . | . . . . . . . . . . . . . Retrieved Components . | . . . . . . . . . . . . . Parts Scanalyzed . | . . . . . . . . . . . . . Part Schematics Acquired . | . . . . . . . . . . . . . Parts Damaged . | . . . . . . . . . . . . . Bothacking | -11 -10 -10 -7 -5 -5 -5 -5 -4 -4 -4 -4 -4 ------------ Run | Yrd Mat Sub Rec Fac Upp Upp Zhi Pro Fac Upp Upp War Used RIF Installer . | . . . . . . . . . . . . . Robots Hacked . | . . . . . . . . . . . . . Non-combat . | . . . . . . . . . . . . . Combat . | . . . . . . . . . . . . . Robot Hacks Applied . | . . . . . . . . . . . . . Relay Couplers Released . | . . . . . . . . . . . . . Fabnet Peak Effective % . | . . . . . . . . . . . . . Robots Rewired 17 | . . . 12 . . . . . . . . 5 Allies Hacked 6 | . . . . 6 . . . . . . . . Hacks Repelled . | . . . . . . . . . . . . . Allies | -11 -10 -10 -7 -5 -5 -5 -5 -4 -4 -4 -4 -4 -------- Run | Yrd Mat Sub Rec Fac Upp Upp Zhi Pro Fac Upp Upp War Total Allies 18 | . 1 . 12 . . . . . . . . 5 Largest Group 13 | . 1 1 13 13 . . . . . . . 5 Highest-Rated Group 275 | . 10 10 256 256 . . . . . . . 275 Highest-Rated Ally 68 | . 10 10 40 40 . . . . . . . 68 Total Orders 12 | . . . . 4 . . . 4 . 3 1 . EXPLORE 10 | . . . . 4 . . . 4 . 1 1 . RETURN 2 | . . . . . . . . . . 2 . . Ally Attacks 27 | . . . . 16 . . . . . . . 11 Total Damage 1724 | . . . . 998 . . . . . . . 726 Kills 10 | . . . . 9 . . . . . . . 1 Allies Corrupted 1 | . . . . 1 . . . . . . . . Allies Melted . | . . . . . . . . . . . . . Intel | -11 -10 -10 -7 -5 -5 -5 -5 -4 -4 -4 -4 -4 ------- Run | Yrd Mat Sub Rec Fac Upp Upp Zhi Pro Fac Upp Upp War Active Infowar (turns) 4399 | . 1031 259 136 . 729 967 127 . 183 555 187 225 Optics 13 | . . . . . . . . . . . . 13 Sensors 1281 | . . . . . 729 552 . . . . . . IFF 1685 | . . . . . . 482 127 . 177 555 187 157 Structural 1426 | . 1031 259 136 . . . . . . . . . Cloaking 1111 | . . . . . . . . . 146 555 187 223 Jamming 1 | . . . . . . . . . 1 . . . Robot Analysis Total . | . . . . . . . . . . . . . Derelict Logs Recovered 5 | . . 1 . . 1 1 . . . 1 1 . Drone Launches 14 | . . . . 5 . . . 6 3 . . . Drone Recoveries 8 | . . . . 3 . . . 5 . . . . Exploration | -11 -10 -10 -7 -5 -5 -5 -5 -4 -4 -4 -4 -4 ------------- Run | Yrd Mat Sub Rec Fac Upp Upp Zhi Pro Fac Upp Upp War Turns Passed 10360 | 2213 1054 259 955 2255 750 1021 287 353 219 555 187 252 Spaces Moved 8157 | 1167 491 91 285 1204 680 799 219 226 588 1214 652 541 Core . | . . . . . . . . . . . . . Treads 1213 | . 401 91 285 436 . . . . . . . . Legs 1491 | 1167 90 . . . . . 103 131 . . . . Wheels 1926 | . . . . 331 680 799 116 . . . . . Hover 437 | . . . . 437 . . . . . . . . Flight 3090 | . . . . . . . . 95 588 1214 652 541 Fastest Speed 11 | 120 120 240 240 99 100 100 115 28 23 23 23 11 Average Speed 94 | 120 185 240 240 145 100 107 120 95 26 23 23 22 Slowest Speed 260 | 120 240 240 240 240 100 115 260 124 28 23 23 91 Overloaded Moves 23 | . . . . . . . . . . . . 23 Propulsion Burnouts . | . . . . . . . . . . . . . Robots Hopped 11 | . . . . . . . . . . 1 . 10 Potential Cave-ins . | . . . . . . . . . . . . . Cave-ins Triggered . | . . . . . . . . . . . . . Teleports 1 | . . . . . . . . 1 . . . . Exploration Rate (%) 54 | 75 49 5 40 33 73 63 61 55 16 91 74 76 Regions Visited 12 Branch Regions 9 Pre-discovered Areas 4 | . . . . . . . 3 . . 1 . . Known Exits Taken 8 | . . . . 1 1 1 1 1 1 1 1 . Unknown Exits Taken 4 | 1 1 1 1 . . . . . . . . . Scrap Searched 13 | . . . . . 3 4 . 1 . 3 2 . Spaces Dug 50 | . . 3 . 14 . 12 . . 11 7 . 3 Terrain Destroyed 152 | . 2 3 . 77 2 47 . . 11 7 . 3 Melee 30 | . . 3 . 1 . 7 . . 11 7 . 1 Projectile 44 | . 2 . . 27 2 11 . . . . . 2 AOE 78 | . . . . 49 . 29 . . . . . . Terrain Rammed . | . . . . . . . . . . . . . Walls Destroyed . | . . . . . . . . . . . . . Machines Disabled . | . . . . . . . . . . . . . Actions | -11 -10 -10 -7 -5 -5 -5 -5 -4 -4 -4 -4 -4 --------- Run | Yrd Mat Sub Rec Fac Upp Upp Zhi Pro Fac Upp Upp War Total 10278 | 1978 601 106 493 1476 732 899 244 310 632 1478 682 647 Wait 1298 | 811 64 . 22 38 25 30 . 16 3 254 17 18 Move 8125 | 1166 490 91 284 1203 679 798 218 225 587 1211 651 522 Hop 10 | . . . . . . . . . . 1 . 9 Pick Up 71 | . 12 . 3 21 3 9 3 . 7 3 5 5 Fast Attach 82 | . 4 . . 32 4 6 10 6 7 . . 13 Attach 39 | . 2 . 2 7 2 4 . 15 7 . . . Detach 6 | . . . . 1 . 1 . 1 3 . . . Swap 30 | . 2 1 3 13 1 6 1 1 . . . 2 Drop 110 | . 8 . 4 29 7 9 12 13 5 2 4 17 Fire 248 | 1 18 1 32 130 11 29 . 25 . . . 1 Melee 63 | . . 13 . 1 . 7 . 8 13 7 5 9 Ram 1 | . . . . 1 . . . . . . . . Kick 1 | . 1 . . . . . . . . . . . Crush . | . . . . . . . . . . . . . Escape Stasis . | . . . . . . . . . . . . . Rewire 194 | . . . 143 . . . . . . . . 51 Trap . | . . . . . . . . . . . . . Miscellaneous . | . . . . . . . . . . . . . Route ------- -11/Scrapyard -10/Materials (discovered 3 exits: [*Mat] / [*Min] / [*Sub]) -10/Subcaves -7/Recycling -5/Factory (discovered 5 exits: *Fac x4 / *Upp) -5/Upper Caves -5/Upper Caves (discovered 2 exits: *Fac / *Zhi) -5/Zhirov -4/Proximity Caves -4/Factory (discovered 4 exits: *Upp x2 / Ext x2) -4/Upper Caves -4/Upper Caves (discovered 2 exits: *Res / *War) -4/Warlord History --------- Turn | Location | Event 1 | -11/Scrapyard | Discovered new exit (range 3) 2004 | -11/Scrapyard | Assembled infested the area 2214 | -11/Scrapyard | Entered Materials 2215 | -10/Materials | Build established: Mutant 2471 | -10/Materials | Discovered new exit (range 11) 2591 | -10/Materials | Discovered new exit (range 16) 2999 | -10/Materials | Discovered new exit (range 12) 3268 | -10/Materials | Entered Subcaves 3268 | -10/Subcaves | Accompanied by 1 ally 3269 | -10/Subcaves | Approached by a straggling Scientist 3271 | -10/Subcaves | Learned 8 Materials zone layouts 3514 | -10/Subcaves | Discovered new exit (range 4) 3527 | -10/Subcaves | Entered Recycling 3527 | -7/Recycling | Accompanied by 1 ally 3528 | -7/Recycling | Met a Zionite searching for Scraptown 4127 | -7/Recycling | Build established: Commander-Mutant 4443 | -7/Recycling | Discovered new exit (range 5) 4482 | -7/Recycling | Entered Factory 4482 | -5/Factory | Accompanied by 13 allies 4482 | -5/Factory | Evolved 10 slots: Power x1, Propulsion x4, Utility x5 4800 | -5/Factory | Discovered new exit (range 16) 4824 | -5/Factory | Identified exit to Factory 5288 | -5/Factory | Found Imp. Powered Armor 5383 | -5/Factory | Lost 7 allies 5859 | -5/Factory | Build established: Scavenger-Mutant 5890 | -5/Factory | System corruption reached 10% 5932 | -5/Factory | Garrison activated, responded to threat 6335 | -5/Factory | Lost 3 parts (1p2n) 6567 | -5/Factory | Garrison activated, responded to threat 6695 | -5/Factory | Discovered new exit (range 12) 6707 | -5/Factory | Identified exit to Upper Caves 6737 | -5/Factory | Entered Upper Caves 6864 | -5/Upper Caves | Attracted the attention of an 0b10 checkpoint 7109 | -5/Upper Caves | Encountered a Warlord checkpoint 7126 | -5/Upper Caves | Discovered new exit (range 15) 7141 | -5/Upper Caves | Identified exit to Upper Caves 7487 | -5/Upper Caves | Entered another Upper Caves area 7505 | -5/Upper Caves | Learned Factory machine intel 7506 | -5/Upper Caves | Discovered exit to Factory (range 13) 7932 | -5/Upper Caves | Ambushed by research squad 7971 | -5/Upper Caves | Lost 3 parts (1n1u1w) 8007 | -5/Upper Caves | Attracted the attention of an 0b10 checkpoint 8237 | -5/Upper Caves | Discovered new exit (range 5) 8241 | -5/Upper Caves | Identified exit to Zhirov 8508 | -5/Upper Caves | Entered Zhirov 8510 | -5/Zhirov | Discovered new exit (range 3) 8530 | -5/Zhirov | Met Zhirov 8553 | -5/Zhirov | Learned location of Quarantine (-2) 8553 | -5/Zhirov | Learned location of Command (-1) 8553 | -5/Zhirov | Learned location of Testing (-3) 8573 | -5/Zhirov | Zhirov requested help retrieving the SGEMP Prototype 8593 | -5/Zhirov | Found Alien Artifact 8593 | -5/Zhirov | Identified Integrated Reactor 8593 | -5/Zhirov | Installed Integrated Reactor, increased core energy generation (+10) 8699 | -5/Zhirov | Found Alien Artifact 8794 | -5/Zhirov | Identified exit to Proximity Caves 8795 | -5/Zhirov | Entered Proximity Caves 8795 | -4/Proximity Caves | Spotted B-86 Titan 8795 | -4/Proximity Caves | Identified Transdimensional Reconstructor 8795 | -4/Proximity Caves | Warped through subspace 8874 | -4/Proximity Caves | Spotter reported a threat 8993 | -4/Proximity Caves | Core integrity fell below 50% 9041 | -4/Proximity Caves | Lost 9 parts (2p3n1u3w) 9104 | -4/Proximity Caves | Spotter reported a threat 9139 | -4/Proximity Caves | Discovered exit to Factory (range 11) 9148 | -4/Proximity Caves | Entered Factory 9148 | -4/Factory | Evolved 2 slots: Propulsion x1, Utility x1 9149 | -4/Factory | Loaded intel: 289 machine locations 9163 | -4/Factory | Lost 3 parts (1p2u) 9325 | -4/Factory | Identified exit to Upper Caves 9325 | -4/Factory | Identified exit to Extension 9359 | -4/Factory | Spotted B-86 Titan 9367 | -4/Factory | Entered Upper Caves 9367 | -4/Upper Caves | Accompanied by 3 allies 9422 | -4/Upper Caves | Spotted B-86 Titan 9737 | -4/Upper Caves | Build established: Sprinter 9898 | -4/Upper Caves | Discovered new exit (range 7) 9921 | -4/Upper Caves | Identified exit to Upper Caves 9922 | -4/Upper Caves | Entered another Upper Caves area 9922 | -4/Upper Caves | Accompanied by 2 allies 9945 | -4/Upper Caves | Learned Research garrison access intel 9947 | -4/Upper Caves | Discovered new exit (range 16) 9950 | -4/Upper Caves | Identified exit to Research 10092 | -4/Upper Caves | Discovered new exit (range 12) 10106 | -4/Upper Caves | Identified exit to Warlord 10109 | -4/Upper Caves | Entered Warlord 10109 | -4/Warlord | Accompanied by 1 ally 10158 | -4/Warlord | Visited the Vortex Lab 10162 | -4/Warlord | Found Prototype Energy Cannon 10163 | -4/Warlord | Found Prototype Energy Cannon 10180 | -4/Warlord | Warlord's base attacked by MAIN.C 10262 | -4/Warlord | Identified Vortex Driver (x2) 10268 | -4/Warlord | Found Prototype Processor 10268 | -4/Warlord | Identified Spectral Analyzer 10270 | -4/Warlord | Found Prototype Device 10270 | -4/Warlord | Identified System Purifier 10273 | -4/Warlord | Found Prototype Hackware 10273 | -4/Warlord | Identified Ghost Barrier 10285 | -4/Warlord | Found Prototype Reactor 10285 | -4/Warlord | Identified Vortex Chain Reactor 10302 | -4/Warlord | Met Warlord 10335 | -4/Warlord | Destroyed W8-OD6(K) 10342 | -4/Warlord | Attacked by Warlord forces 10343 | -4/Warlord | Spotted FM-3E5(K) 10353 | -4/Warlord | Spotted 5N-R6Q(B) 10353 | -4/Warlord | Spotted 2A-FLT(g) 10355 | -4/Warlord | Spotted 1Z-GJD(B) 10361 | -4/Warlord | Self-destructed Last Messages --------------- 10356_ Acquired 7 matter. 10357_ Adv. Remote Shield destroyed. 10357_ Cld. Nuclear Pulse Thruster destroyed. 10357_ Fission Core destroyed. 10357_ Knocked back. 10358_ Triggered Fire Trap. 10358_ Burning plasma bursts from the floor. 10358_ Knocked back. 10360_ Power Sword blown off. 10360_ Imp. Diametric Drive blown off. 10360_ Impulse Thruster blown off. 10360_ Cld. Nuclear Pulse Thruster blown off. 10360_ E-15 Imp destroyed. 10360_ Acquired Power Sword. 10360_ Power Sword blown off. 10360_ Adv. Signal Interpreter blown off. 10360_ Imp. Melee Analysis Suite blown off. 10360_ E-15 Imp destroyed. 10361_ Med. Storage Unit destroyed. 10361_ Critical hit (Burn: +37). Map ----- +----------------------------------------------------+ | ?????????????????????????????????????????????????? | | ?????????????????????????????????????????????????? | | ?????????????????????????????????????????????????? | | ?????????????????????????????????????????????????? | | ?????????????????????????????????????????????????? | | ?????????????????????????????????????????????????? | | ?????????????????????????????????????????????????? | | ?????????????????????????????????????#??#????????? | | ??????????????????##?#???#????#??? ???#??????????? | | ?????????????????#????????????????????????? ????? | | ?????????????????????????????????????#?###??????#? | | ??????????#?#?????#??#??????#??#?? ???## ???????? | | ????????????????????#???#?????????? ?? ??? ???# | | ??????# ?????#????????#??????#?#?? ### ???? ? | | ??????# ??????????#??#???????#????? ?????? | | ??????# #?#???????????#??#???##????# #????? | | ? #??# ???????""#?#???#?#????#????# #???? | | & #??# #?????#""#??##??????????????# ##??? | | & #??# #??#??#""#?#???????????????#?# #?? | | #### #######""#####?????#??##???#??# ##?? | | # # "" "############????#?# ### | | # # "" """"""""""""#?#?#???# # # | | #/## # "" %%"""""""""""#?####?## #? | | /^ %% != ### ### ## | | / % %!%%/=%! g /s s ## # | | / !%[%!=@== g ; gi #### # | | / =!! e=/% #### ##??# # | | # ;% ""=|* """""""""##?## ###?# # | | % # %" "" """"""""""""#???# #?### | | " % # "" "############??## #### # | | #### #######""#####??????????????# #?# | | ###???#""###???#??#???#????? ### | | #?????#""##?????????#?????? ### # | | #?????#""#???????????#????? ##?# # | | #??????""##?#?##????#?#??? ???## ## | | #+######?#????????##??????#??# ????## #? | | + #????#??????#?????????# #?????# #? | | ### ###""" ###?#?##???##????????## ????#?## ## | | ??###?#""" #????#?????#?#????#???? #????### # | | #?#???#""" #??###????????????????? ??????## ^ # | | ?#?#??#""" #???#????????????????? ???????# # | | ??#???#""" #?????#?##?#??#????#??????????# # | | ####### #??#?????????#???? ??????? ???# # | | " + + #???#??##?????????????????????# # | | " # ## #??#??????????#?? ????????#???## ## | | X # ## #?#?#???#??#?#?????#?????????? ## | | " # #####+####???#???????????????????????# ##? | | ### #??????#??????#???????????????######?? | | # #??#????#?????????????#??????????#???? | | +* """ #???????#???????????? ??#???????????#? | +----------------------------------------------------+ Best States ------------- Heat Dissipation 90 Energy Generation 46 Energy Capacity 505 Matter Stores 300 Matter Capacity 300 Sight Range 24 Robot Scan Range 15 Terrain Scan Density 10 Cloak Strength 3 Armor Coverage 625 Resistance: TH 25 Utility Shielding 90 Phase Shifting 5 Evasion (%) 75 Targeting Accuracy 5 Melee Accuracy 12 Recoil Reduction 3 Offensive Hacking 10 Defensive Hacking 20 Item Schematics ----------------- Assault Drone Bay | -5/Zhirov | Free Exp. Heat Sink | -5/Zhirov | Free Exp. Optical Array | -5/Zhirov | Free Imp. Arc Thrower | -5/Zhirov | Free Robot Schematics ------------------ None Fabricated ------------ Nothing Repaired ---------- Nothing Alien Tech Used ----------------- Integrated Reactor Transdimensional Reconstructor Achievements -------------- Curiosity Killed The Cat Challenges ------------ None Game ------ Seed BoreEtherialTendrils Manual? 0 Play Time 02:01:59 Cumulative 415.9 hours Start 2025.07.26 @ 23:53:01 End 2025.07.27 @ 01:56:44 Sessions 1 Manual Loads 0 Difficulty Rogue Special Mode None Game No. 227 Rogue 227 Adventurer 0 Explorer 0 Win Type - Total 11 Types 10/0/1/0/0/0/0/0/0/0 Lore% 43 Gallery% 63 Achievement% 52 Wizard Run 0 Options --------- Layout 1 ASCII 0 Keyboard 0 Movement Numpad Keybinds 0 Fullscreen 1 Font 24/Smallcaps Map View 50x35 Zoom Use 0% Tactical HUD 1 Map Filters NONE Filters NONE Steam 1 RUN: 98c394d7-276c-412a-90de-bac67922e66b